 Dungeon Crawl Stone Soup version 0.30.0-29-ga12c61a403 (webtiles) character file.

Game seed: 10939595830971782721

23390 qw the Blocker (level 13, 0/80 HPs)
             Began as a Gargoyle Fighter on June 4, 2023.
             Was an Elder of Okawaru.
             Slain by a spectral seven-headed hydra (9 damage)
             ... called from beyond by a ghost crab
             ... on level 3 of the Lair of Beasts.
             The game lasted 00:06:09 (12155 turns).

qw the Blocker (Gargoyle Fighter)                  Turns: 12155, Time: 00:06:09

Health: 0/80       AC: 28    Str: 24    XL:     13   Next: 6%
Magic:  20/20      EV:  8    Int: 10    God:    Okawaru [****..]
Gold:   705        SH: 19    Dex:  9    Spells: 12/12 levels left

rFire   + . .        p - +1 war axe (flame)
rCold   + . .        r - +0 tower shield
rNeg    + + .        v - +0 plate armour
rPois   inf          (no helmet)
rElec   +            a - scarf {rC+ rF+}
rCorr   .            (no gloves)
SInv    .            l - +2 pair of boots
Will    .....        k - amulet of the acrobat Stlth
                     m - ring of positive energy
HPRegen 0.33/turn    (no ring)
MPRegen 0.17/turn

%: acrobat
@: about to teleport, heroic
A: sickness immunity, AC +9, negative energy resistance 1, electricity
resistance, torment resistance 1, petrification resistance
a: Renounce Religion, Heroism, Finesse


You were on level 3 of the Lair of Beasts.
You worshipped Okawaru.
Okawaru was greatly pleased with you.
You visited 3 branches of the dungeon, and saw 13 of its levels.

You collected 808 gold pieces.
You spent 103 gold pieces at shops.


Innate Abilities, Weirdness & Mutations

You are immune to sickness and miasma.
Your stone body is resilient. (AC +9)
You are immune to poison.
You resist negative energy. (rN+)
You are resistant to electric shocks. (rElec)
You are resistant to unholy torment.
You are immune to petrification.


   Skills:
 - Level 9.1(14.1) Fighting
 - Level 11.0(16.0) Axes
 - Level 1.9(6.9) Throwing
 - Level 7.1(12.1) Armour
 - Level 1.0(6.0) Dodging
 + Level 13.6(18.6) Shields
 - Level 10.0 Invocations


You had 12 spell levels left.
You didn't know any spells.
Your spell library was empty.

Inventory:

Hand Weapons
 g - a +1 spectral war axe
 p - a +1 war axe of flaming (weapon)
 w - a +5 vampiric broad axe
Missiles
 x - 3 boomerangs (quivered)
Armour
 a - a scarf of resistance (worn)
 l - a +2 pair of boots (worn)
 r - a +0 tower shield (worn)
 t - a +0 pair of gloves
 u - +0 acid dragon scales
 v - a +0 plate armour (worn)
Jewellery
 e - a ring of ice
 k - an amulet of the acrobat (around neck)
 m - a ring of positive energy (left hand)
 s - a ring of ice
Scrolls
 h - 4 scrolls of identify
 j - a scroll of teleportation
 n - a scroll of brand weapon
Potions
 b - 2 potions of mutation
 c - a potion of heal wounds
 d - 5 potions of might
 f - 2 potions of cancellation
 i - 7 potions of curing
 o - a potion of haste
 q - a potion of magic

Dungeon Overview and Level Annotations

Branches:
Dungeon (9/15)             Temple (1/1) D:4            Lair (3/5) D:9
  Swamp (0/4) Lair:3
  Snake: Lair:2-3    Spider: Lair:2-3       Orc: D:9-12

Altars:
Ashenzari
Cheibriados
Dithmenos
Elyvilon
Fedhas
Gozag
Hepliaklqana
Kikubaaqudgha
Okawaru
Qazlal
Ru
Sif Muna
Trog
Uskayaw
Wu Jian
Xom
Yredelemnul
Zin
The Shining One

Shops:
D:6 [

Annotations:
D:7 Pikel
Lair:3 exclusion: culicivora


Message History

You block the spectral seven-headed hydra's attack. x3
The spectral seven-headed hydra bites you but does no damage.
You block the spectral seven-headed hydra's attack.
The spectral seven-headed hydra bites you but does no damage.
The spectral seven-headed hydra bites you.
You slash the ghost crab! You burn the ghost crab.
The ghost crab is severely damaged.
You slash the spectral seven-headed hydra!
You burn the spectral seven-headed hydra.
The ghost crab breathes spectral mist at you.
The spectral mist engulfs you but does no damage.
You block the spectral seven-headed hydra's attack.
The spectral seven-headed hydra bites you but does no damage.
You block the spectral seven-headed hydra's attack.
The spectral seven-headed hydra bites you but does no damage.
You block the spectral seven-headed hydra's attack.
The spectral seven-headed hydra bites you but does no damage.
The spectral seven-headed hydra barely misses you.
The spectral blink frog hits you.
You slash the ghost crab! You burn the ghost crab.
The ghost crab is almost destroyed.
You closely miss the spectral blink frog.
You hit the spectral seven-headed hydra.
You burn the spectral seven-headed hydra.
You are engulfed in spectral mist.
The spectral seven-headed hydra bites you but does no damage. x2
You block the spectral seven-headed hydra's attack. x2
The spectral seven-headed hydra bites you but does no damage.
You block the spectral seven-headed hydra's attack.
The spectral seven-headed hydra bites you.
The ghost crab bites you. The ghost crab claws you.
You block the spectral blink frog's attack.
12155 ||| READING 2 scrolls of teleportation.
As you read the scroll of teleportation, it crumbles to dust.
You feel strangely unstable.
You are engulfed in spectral mist.
You block the spectral blink frog's attack.
The ghost crab closely misses you. You block the ghost crab's attack.
The spectral seven-headed hydra bites you!
You die...

## ###..........###..#...#.### ##
# #...#.......#####....## #
##.....7....7 #.....## ## #
#.###77....7 #....#### #. ## ##.#
7~~..7 #.......## #. .# ##.'##
77..~.77##.......# #. #####....#
7~~...077#......#####. .........#
7..77Z007#............ .........#
7~777@.07#..........#. ....#....#
7...tZ077#......#.##..
...#.....##7¤...0.7##......+.##..
#####.....#77..¤~77#........##...
#.# #.....#


77¤¤77 #....'..####.# .## #...+.## 7¤¤ ##....### ### ..# ####...##7¤¤ ####.##
..## ##...#777 #P..# ...# ###..## ####.+### You could see a ghost crab, a
spectral seven-headed hydra (summoned) and a spectral blink frog (summoned).

Vanquished Creatures
  2 hydras (Lair:3)
  A ghost crab (Lair:3)
  Harold (Lair:1)
  A two-headed ogre (D:9)
  A deep troll (Lair:1)
  A spectral death yak (Lair:3)
  A spectral hydra (Lair:3)
  A manticore (D:7)
  9 elephants
  3 black mambas
  A kobold demonologist (D:7)
  5 cane toads
  2 komodo dragons
  8 blink frogs
  2 hornets
  Prince Ribbit (D:6)
  Grinder (D:3)
  2 spectral black mambas (Lair:3)
  7 dream sheep (Lair:1)
  A culicivora (Lair:3)
  Sigmund (D:5)
  20 yaks
  3 wyverns
  2 basilisks
  4 steam dragons
  2 vampire mosquitoes (D:9)
  An acid dragon (D:9)
  7 water moccasins
  A spectral torpor snail (Lair:3)
  An orc warrior (D:9)
  2 black bears
  3 lemures (D:7)
  4 phantoms
  4 centaurs
  2 kobold brigands
  9 bullfrogs
  3 scorpions
  3 wights (D:8)
  4 hounds
  A jelly (D:4)
  7 orc priests
  A sleepcap (D:6)
  A gnoll bouda (D:5)
  2 iguanas
  11 orc wizards
  3 gnolls (D:5)
  4 adders
  3 white imps (D:6)
  An ufetubus (D:6)
  3 worms
  2 dart slugs
  35 orcs
  6 ball pythons
  3 bats (D:1)
  3 endoplasms (D:1)
  11 goblins
  5 hobgoblins
  2 quokkas (D:1)
  5 frilled lizards
  32 kobolds
  2 rats (D:1)
270 creatures vanquished.

Vanquished Creatures (others)
  2 spectral weapons (Lair:3)
2 creatures vanquished.

Grand Total: 272 creatures vanquished

Notes
Turn   | Place    | Note
-------+----------+-------------------------------------------
     0 | D:1      | qw the Gargoyle Fighter began the quest for the Orb.
     0 | D:1      | Reached XP level 1. HP: 14/14 MP: 1/1
     0 | D:1      | 0 ||| qw: Version: 0.2-a-107-g4668610
     0 | D:1      | 0 ||| qw: Game counter: 1302
     0 | D:1      | 0 ||| qw: Always use a shield: true
     0 | D:1      | 0 ||| qw: God list: Okawaru
     0 | D:1      | 0 ||| qw: Allow faded altars: false
     0 | D:1      | 0 ||| qw: Do Orc after D:15 true
     0 | D:1      | 0 ||| qw: Do second Lair branch before Depths: true
     0 | D:1      | 0 ||| qw: Lair rune preference: random
     0 | D:1      | 0 ||| qw: Plans: Normal, Zot:1-4, Slime:5, God:TSO, Crypt,
                  | Tomb, Abyss, Pan, Hells, Win
     0 | D:1      | 0 ||| PLANNING D:1-11
    92 | D:1      | 92 ||| Stepping ~*~*~tactically~*~*~ (stealth).
    92 | D:1      | You fall into a shaft and drop 1 floor!
   105 | D:2      | 105 ||| READING scroll labelled CAMENI AJOOPY.
   106 | D:2      | 106 ||| READING scroll labelled VIOPOYDWAL.
   107 | D:2      | 107 ||| READING scroll labelled CAUHINOUDGH.
   135 | D:1      | Reached XP level 2. HP: 19/19 MP: 2/2
   169 | D:1      | 169 ||| DROPPING +0 club.
   279 | D:1      | 279 ||| Stepping ~*~*~tactically~*~*~ (hiding).
   395 | D:1      | 395 ||| Stepping ~*~*~tactically~*~*~ (stealth).
   397 | D:1      | 397 ||| Stepping ~*~*~tactically~*~*~ (stealth).
   398 | D:1      | 398 ||| Stepping ~*~*~tactically~*~*~ (stealth).
   451 | D:1      | 451 ||| Stepping ~*~*~tactically~*~*~ (stealth).
   452 | D:1      | 452 ||| Stepping ~*~*~tactically~*~*~ (stealth).
   459 | D:1      | Reached skill level 3 in Axes
   460 | D:1      | Reached XP level 3. HP: 23/23 MP: 3/3
   871 | D:1      | 871 ||| READING scroll labelled MOISTA UMPELET.
   872 | D:1      | 872 ||| DRINKING 2 black potions.
   873 | D:1      | 873 ||| READING 4 scrolls of identify.
   873 | D:1      | 873 ||| IDENTIFYING lumpy emerald potion
   874 | D:1      | 874 ||| READING 3 scrolls of identify.
   874 | D:1      | 874 ||| IDENTIFYING smoky brown potion
   875 | D:1      | 875 ||| READING 2 scrolls of identify.
   875 | D:1      | 875 ||| IDENTIFYING sapphire potion
   876 | D:1      | 876 ||| DROPPING potion of flight.
  1144 | D:2      | 1144 ||| READING scroll of brand weapon.
  1144 | D:2      | 1144 ||| BRANDING +0 war axe of chaos.
  1350 | D:2      | Reached XP level 4. HP: 28/28 MP: 4/4
  1684 | D:2      | 1684 ||| UPGRADING to +0 chain mail.
  1694 | D:2      | 1694 ||| DROPPING +0 scale mail.
  1695 | D:2      | 1695 ||| UPGRADING to ring of positive energy.
  1696 | D:2      | 1696 ||| READING scroll labelled ADEUKICLAU.
  2064 | D:3      | 2064 ||| Stepping ~*~*~tactically~*~*~ (hiding).
  2245 | D:3      | Noticed Grinder
  2255 | D:3      | Killed Grinder
  2256 | D:3      | Reached XP level 5. HP: 32/32 MP: 5/5
  2256 | D:3      | Reached XP level 6. HP: 37/37 MP: 6/6
  2568 | D:3      | 2568 ||| UPGRADING to +0 pair of boots.
  2573 | D:3      | 2573 ||| READING scroll labelled TUOTAE VEUTUP.
  2574 | D:3      | 2574 ||| READING scroll labelled RUDGHI MUIMINKA.
  2575 | D:3      | 2575 ||| DRINKING 2 glowing dark potions.
  2576 | D:3      | 2576 ||| READING 4 scrolls of identify.
  2576 | D:3      | 2576 ||| IDENTIFYING viscous golden potion
  2577 | D:3      | 2577 ||| READING 3 scrolls of identify.
  2577 | D:3      | 2577 ||| IDENTIFYING pink potion
  2578 | D:3      | 2578 ||| DROPPING potion of brilliance.
  2579 | D:3      | 2579 ||| DROPPING potion of degeneration.
  2580 | D:3      | 2580 ||| DROPPING potion of ambrosia.
  2613 | D:4      | 2613 ||| Stepping ~*~*~tactically~*~*~ (stealth).
  2615 | D:4      | 2615 ||| Stepping ~*~*~tactically~*~*~ (stealth).
  2628 | D:4      | 2628 ||| DRINKING 2 potions of curing.
  2628 | D:4      | 2628 ||| (to cure confusion)
  2640 | D:4      | 2640 ||| DROPPING +0 whip of venom.
  2755 | D:4      | Reached skill level 6 in Axes
  2819 | D:4      | 2819 ||| Stepping ~*~*~tactically~*~*~ (hiding).
  2936 | D:4      | Reached XP level 7. HP: 40/43 MP: 7/7
  3183 | D:4      | Found a staircase to the Ecumenical Temple.
  3184 | D:4      | 3184 ||| PLANNING TEMPLE
  3184 | D:4      | 3184 ||| READING scroll labelled LOTSUWK PISHENA.
  3185 | D:4      | 3185 ||| READING 4 scrolls of identify.
  3185 | D:4      | 3185 ||| IDENTIFYING metallic amethyst potion
  3194 | Temple   | Entered the Ecumenical Temple
  3195 | Temple   | 3195 ||| PLANNING OKAWARU WORSHIP
  3229 | Temple   | Became a worshipper of Warmaster Okawaru
  3229 | Temple   | 3229 ||| PLANNING D:1-11
  3245 | D:4      | Reached skill level 1 in Dodging
  3389 | D:4      | 3389 ||| UPGRADING to scarf of resistance.
  3403 | D:5      | Entered Level 5 of the Dungeon
  3547 | D:5      | 3547 ||| Stepping ~*~*~tactically~*~*~ (stealth).
  3588 | D:5      | Noticed Sigmund
  3591 | D:5      | Killed Sigmund
  3591 | D:5      | Reached * piety under Okawaru
  3592 | D:5      | Reached XP level 8. HP: 46/49 MP: 8/8
  3662 | D:5      | 3662 ||| Stepping ~*~*~tactically~*~*~ (hiding).
  3690 | D:5      | 3690 ||| Stepping ~*~*~tactically~*~*~ (hiding).
  3691 | D:5      | 3691 ||| Stepping ~*~*~tactically~*~*~ (hiding).
  3692 | D:5      | 3692 ||| Stepping ~*~*~tactically~*~*~ (hiding).
  3693 | D:5      | 3693 ||| Stepping ~*~*~tactically~*~*~ (hiding).
  3694 | D:5      | 3694 ||| Stepping ~*~*~tactically~*~*~ (hiding).
  3695 | D:5      | 3695 ||| INVOKING Heroism.
  3702 | D:5      | Reached skill level 1 in Invocations
  3966 | D:5      | 3966 ||| Stepping ~*~*~tactically~*~*~ (hiding).
  4190 | D:5      | 4190 ||| Stepping ~*~*~tactically~*~*~ (hiding).
  4194 | D:5      | 4194 ||| INVOKING Heroism.
  4215 | D:5      | 4215 ||| Stepping ~*~*~tactically~*~*~ (stealth).
  4230 | D:5      | 4230 ||| Stepping ~*~*~tactically~*~*~ (stealth).
  4231 | D:5      | 4231 ||| READING scroll labelled YSOEROCASE.
  4234 | D:5      | 4234 ||| READING scroll labelled BEOCKE MEMPE.
  4336 | D:6      | 4336 ||| DROPPING +0 flail of holy wrath.
  4347 | D:6      | Reached skill level 3 in Invocations
  4399 | D:6      | 4399 ||| READING scroll of enchant weapon.
  4399 | D:6      | 4399 ||| ENCHANTING +0 spectral war axe.
  4444 | D:6      | Found Gumeil's Antique Armour Emporium.
  4453 | D:6      | 4453 ||| BUYING tower shield (103 gold).
  4453 | D:6      | Bought a tower shield for 103 gold pieces
  4453 | D:6      | 4453 ||| SHOPLISTING translucent chain mail (218 gold, have
                  | 91).
  4502 | D:6      | 4502 ||| Stepping ~*~*~tactically~*~*~ (hiding).
  4514 | D:6      | 4514 ||| Stepping ~*~*~tactically~*~*~ (stealth).
  4537 | D:6      | 4537 ||| INVOKING Heroism.
  4545 | D:6      | Noticed Prince Ribbit
  4551 | D:6      | 4551 ||| INVOKING Heroism.
  4553 | D:6      | Reached skill level 6 in Fighting
  4556 | D:6      | Killed Prince Ribbit
  4561 | D:6      | Reached XP level 9. HP: 49/55 MP: 8/12
  4703 | D:6      | Found a faded altar of an unknown god.
  4703 | D:6      | Found a faded altar of an unknown god.
  4711 | D:6      | Found a basalt altar of Yredelemnul.
  4713 | D:6      | Found a hazy altar of Hepliaklqana.
  4715 | D:6      | Found a broken altar of Ashenzari.
  4795 | D:6      | 4795 ||| Stepping ~*~*~tactically~*~*~ (hiding).
  4796 | D:6      | 4796 ||| Stepping ~*~*~tactically~*~*~ (hiding).
  4798 | D:6      | 4798 ||| INVOKING Heroism.
  4879 | D:6      | Found an opulent altar of Gozag.
  4879 | D:6      | Found a glowing silver altar of Zin.
  4938 | D:6      | 4938 ||| UPGRADING to +0 tower shield.
  4948 | D:6      | 4948 ||| DROPPING +0 buckler.
  4949 | D:6      | 4949 ||| UPGRADING to +1 chain mail of positive energy.
  4959 | D:6      | 4959 ||| DROPPING +0 chain mail.
  4960 | D:6      | 4960 ||| READING scroll labelled OSOPUT NUKK.
  4961 | D:6      | 4961 ||| READING scroll labelled IJAS ZIRAITAQ.
  5033 | D:7      | Reached skill level 4 in Shields
  5039 | D:7      | 5039 ||| FLEEEEING.
  5040 | D:7      | 5040 ||| FLEEEEING.
  5065 | D:7      | Found an ancient bone altar of Kikubaaqudgha.
  5317 | D:7      | 5317 ||| Stepping ~*~*~tactically~*~*~ (stealth).
  5325 | D:7      | 5325 ||| Stepping ~*~*~tactically~*~*~ (stealth).
  5328 | D:7      | Found a glowing golden altar of the Shining One.
  5328 | D:7      | Noticed a kobold demonologist
  5329 | D:7      | 5329 ||| UPGRADING to +2 pair of boots.
  5330 | D:7      | 5330 ||| UPGRADING to +2 pair of boots.
  5331 | D:7      | 5331 ||| UPGRADING to +2 pair of boots.
  5332 | D:7      | 5332 ||| UPGRADING to +2 pair of boots.
  5333 | D:7      | 5333 ||| UPGRADING to +2 pair of boots.
  5334 | D:7      | 5334 ||| UPGRADING to +2 pair of boots.
  5335 | D:7      | 5335 ||| UPGRADING to +2 pair of boots.
  5336 | D:7      | 5336 ||| UPGRADING to +2 pair of boots.
  5337 | D:7      | 5337 ||| UPGRADING to +2 pair of boots.
  5338 | D:7      | Noticed an ice devil
  5338 | D:7      | 5338 ||| UPGRADING to +2 pair of boots.
  5339 | D:7      | 5339 ||| UPGRADING to +2 pair of boots.
  5340 | D:7      | 5340 ||| UPGRADING to +2 pair of boots.
  5341 | D:7      | Noticed an ice devil
  5341 | D:7      | 5341 ||| UPGRADING to +2 pair of boots.
  5342 | D:7      | 5342 ||| UPGRADING to +2 pair of boots.
  5343 | D:7      | 5343 ||| UPGRADING to +2 pair of boots.
  5344 | D:7      | 5344 ||| UPGRADING to +2 pair of boots.
  5345 | D:7      | 5345 ||| UPGRADING to +2 pair of boots.
  5346 | D:7      | 5346 ||| UPGRADING to +2 pair of boots.
  5347 | D:7      | 5347 ||| UPGRADING to +2 pair of boots.
  5348 | D:7      | 5348 ||| UPGRADING to +2 pair of boots.
  5349 | D:7      | 5349 ||| UPGRADING to +2 pair of boots.
  5350 | D:7      | 5350 ||| UPGRADING to +2 pair of boots.
  5351 | D:7      | 5351 ||| UPGRADING to +2 pair of boots.
  5352 | D:7      | 5352 ||| UPGRADING to +2 pair of boots.
  5353 | D:7      | 5353 ||| UPGRADING to +2 pair of boots.
  5354 | D:7      | 5354 ||| UPGRADING to +2 pair of boots.
  5355 | D:7      | 5355 ||| UPGRADING to +2 pair of boots.
  5356 | D:7      | 5356 ||| UPGRADING to +2 pair of boots.
  5356 | D:7      | HP: 13/55 [scorpion (2)]
  5357 | D:7      | 5357 ||| READING scroll of teleportation.
  5358 | D:7      | 5358 ||| DRINKING potion of heal wounds.
  5359 | D:7      | 5359 ||| UPGRADING to +2 pair of boots.
  5360 | D:7      | 5360 ||| UPGRADING to +2 pair of boots.
  5361 | D:7      | 5361 ||| UPGRADING to +2 pair of boots.
  5412 | D:7      | 5412 ||| Stepping ~*~*~tactically~*~*~ (stealth).
  5460 | D:7      | 5460 ||| UPGRADING to +2 pair of boots.
  5470 | D:7      | 5470 ||| DROPPING +0 pair of boots.
  5481 | D:7      | 5481 ||| Stepping ~*~*~tactically~*~*~ (stealth).
  5499 | D:7      | 5499 ||| Stepping ~*~*~tactically~*~*~ (stealth).
  5554 | D:7      | 5554 ||| Stepping ~*~*~tactically~*~*~ (stealth).
  5555 | D:7      | 5555 ||| Stepping ~*~*~tactically~*~*~ (stealth).
  5602 | D:7      | 5602 ||| Stepping ~*~*~tactically~*~*~ (hiding).
  5609 | D:7      | Reached skill level 5 in Shields
  5722 | D:7      | Noticed a manticore
  5723 | D:7      | 5723 ||| INVOKING Heroism.
  5728 | D:7      | Killed a manticore
  5728 | D:7      | Reached ** piety under Okawaru
  5729 | D:7      | Reached skill level 6 in Shields
  5743 | D:7      | Noticed Pikel
  5744 | D:7      | 5744 ||| Stepping ~*~*~tactically~*~*~ (stealth).
  5747 | D:7      | 5747 ||| Stepping ~*~*~tactically~*~*~ (stealth).
  5825 | D:7      | 5825 ||| Stepping ~*~*~tactically~*~*~ (stealth).
  5829 | D:7      | 5829 ||| Stepping ~*~*~tactically~*~*~ (stealth).
  5907 | D:7      | Reached skill level 7 in Shields
  5907 | D:7      | 5907 ||| Stepping ~*~*~tactically~*~*~ (stealth).
  5922 | D:7      | 5922 ||| READING scroll labelled YSAF AQAVO.
  5934 | D:7      | 5934 ||| READING 5 scrolls of identify.
  5934 | D:7      | 5934 ||| IDENTIFYING smoky coppery potion
  6096 | D:7      | 6096 ||| Stepping ~*~*~tactically~*~*~ (stealth).
  6108 | D:7      | Noticed a hellwing
  6113 | D:7      | Noticed an ice devil
  6114 | D:7      | Killed a kobold demonologist
  6115 | D:7      | Reached skill level 8 in Shields
  6270 | D:8      | 6270 ||| Stepping ~*~*~tactically~*~*~ (hiding).
  6309 | D:8      | Reached *** piety under Okawaru
  6390 | D:8      | Identified the +7 rapier of the Howling One {heavy, *Rage
                  | Fly rF+ rN+++}
  6394 | D:8      | Reached skill level 9 in Shields
  6502 | D:8      | Reached XP level 10. HP: 60/60 MP: 13/13
  6613 | D:8      | 6613 ||| Stepping ~*~*~tactically~*~*~ (stealth).
  6615 | D:8      | 6615 ||| Stepping ~*~*~tactically~*~*~ (stealth).
  6618 | D:8      | 6618 ||| Stepping ~*~*~tactically~*~*~ (stealth).
  6624 | D:8      | 6624 ||| INVOKING Heroism.
  6642 | D:8      | 6642 ||| INVOKING Heroism.
  6647 | D:8      | Reached skill level 10 in Shields
  6809 | D:8      | 6809 ||| Stepping ~*~*~tactically~*~*~ (hiding).
  6810 | D:8      | 6810 ||| INVOKING Heroism.
  6998 | D:8      | 6998 ||| Stepping ~*~*~tactically~*~*~ (hiding).
  7001 | D:8      | 7001 ||| Stepping ~*~*~tactically~*~*~ (hiding).
  7009 | D:8      | 7009 ||| Stepping ~*~*~tactically~*~*~ (hiding).
  7010 | D:8      | 7010 ||| Stepping ~*~*~tactically~*~*~ (hiding).
  7021 | D:8      | 7021 ||| Stepping ~*~*~tactically~*~*~ (hiding).
  7023 | D:8      | 7023 ||| Stepping ~*~*~tactically~*~*~ (hiding).
  7382 | D:8      | 7382 ||| UPGRADING to amulet of the acrobat.
  7387 | D:8      | 7387 ||| READING 4 scrolls of identify.
  7387 | D:8      | 7387 ||| IDENTIFYING emerald potion
  7470 | D:9      | 7470 ||| Stepping ~*~*~tactically~*~*~ (hiding).
  7472 | D:9      | 7472 ||| INVOKING Heroism.
  7477 | D:9      | Reached skill level 11 in Shields
  7628 | D:9      | Found a staircase to the Lair.
  7635 | D:9      | 7635 ||| INVOKING Heroism.
  7648 | D:9      | Reached skill level 9 in Axes
  7811 | D:9      | 7811 ||| Stepping ~*~*~tactically~*~*~ (hiding).
  7813 | D:9      | 7813 ||| INVOKING Heroism.
  8038 | D:9      | 8038 ||| Stepping ~*~*~tactically~*~*~ (stealth).
  8040 | D:9      | 8040 ||| Stepping ~*~*~tactically~*~*~ (hiding).
  8051 | D:9      | 8051 ||| INVOKING Heroism.
  8311 | D:9      | 8311 ||| Stepping ~*~*~tactically~*~*~ (hiding).
  8314 | D:9      | 8314 ||| INVOKING Heroism.
  8347 | D:9      | Noticed a two-headed ogre
  8348 | D:9      | 8348 ||| INVOKING Heroism.
  8355 | D:9      | Killed a two-headed ogre
  8356 | D:9      | Reached skill level 12 in Shields
  8705 | D:9      | 8705 ||| PLANNING LAIR
  8705 | D:9      | 8705 ||| DROPPING +2 ring mail of cold resistance.
  8706 | D:9      | 8706 ||| UPGRADING to +0 plate armour.
  8716 | D:9      | 8716 ||| DROPPING +1 chain mail of positive energy.
  8733 | Lair:1   | Entered Level 1 of the Lair of Beasts
  8746 | Lair:1   | Reached XP level 11. HP: 62/64 MP: 14/14
  8749 | Lair:1   | Reached **** piety under Okawaru
  8831 | Lair:1   | 8831 ||| INVOKING Heroism.
  8867 | Lair:1   | Noticed Harold
  8868 | Lair:1   | 8868 ||| FLEEEEING.
  8869 | Lair:1   | 8869 ||| FLEEEEING.
  8870 | Lair:1   | 8870 ||| FLEEEEING.
  8871 | Lair:1   | 8871 ||| FLEEEEING.
  8872 | Lair:1   | 8872 ||| FLEEEEING.
  8873 | Lair:1   | 8873 ||| FLEEEEING.
  8874 | Lair:1   | 8874 ||| FLEEEEING.
  8875 | Lair:1   | 8875 ||| FLEEEEING.
  8876 | Lair:1   | 8876 ||| FLEEEEING.
  8878 | Lair:1   | 8878 ||| FLEEEEING.
  8879 | Lair:1   | 8879 ||| FLEEEEING.
  8880 | Lair:1   | 8880 ||| FLEEEEING.
  8881 | Lair:1   | 8881 ||| FLEEEEING.
  8882 | Lair:1   | 8882 ||| FLEEEEING.
  8883 | Lair:1   | 8883 ||| FLEEEEING.
  8884 | Lair:1   | 8884 ||| FLEEEEING.
  8885 | Lair:1   | 8885 ||| FLEEEEING.
  8886 | Lair:1   | 8886 ||| FLEEEEING.
  8887 | Lair:1   | 8887 ||| FLEEEEING.
  8888 | Lair:1   | 8888 ||| FLEEEEING.
  8889 | Lair:1   | 8889 ||| FLEEEEING.
  8900 | Lair:1   | 8900 ||| FLEEEEING.
  8901 | Lair:1   | 8901 ||| FLEEEEING.
  8902 | Lair:1   | 8902 ||| FLEEEEING.
  8903 | Lair:1   | 8903 ||| FLEEEEING.
  8904 | Lair:1   | 8904 ||| FLEEEEING.
  8905 | Lair:1   | 8905 ||| FLEEEEING.
  8906 | Lair:1   | 8906 ||| FLEEEEING.
  8907 | Lair:1   | 8907 ||| FLEEEEING.
  8908 | Lair:1   | 8908 ||| FLEEEEING.
  8909 | Lair:1   | 8909 ||| INVOKING Heroism.
  8919 | Lair:1   | Killed Harold
  8920 | Lair:1   | Reached skill level 6 in Armour
  8922 | Lair:1   | Reached skill level 6 in Invocations
  9120 | Lair:1   | 9120 ||| Stepping ~*~*~tactically~*~*~ (hiding).
  9123 | Lair:1   | 9123 ||| Stepping ~*~*~tactically~*~*~ (hiding).
  9125 | Lair:1   | 9125 ||| Stepping ~*~*~tactically~*~*~ (hiding).
  9126 | Lair:1   | 9126 ||| INVOKING Heroism.
  9331 | Lair:1   | 9331 ||| INVOKING Heroism.
  9510 | Lair:1   | 9510 ||| INVOKING Heroism.
  9878 | Lair:1   | Noticed a deep troll
  9879 | Lair:1   | 9879 ||| INVOKING Heroism.
  9893 | Lair:1   | Killed a deep troll
 10145 | Lair:1   | 10145 ||| DROPPING +6 ring of intelligence.
 10146 | Lair:1   | 10146 ||| READING 5 scrolls of identify.
 10146 | Lair:1   | 10146 ||| IDENTIFYING fizzy blue potion
 10147 | Lair:1   | 10147 ||| DROPPING potion of invisibility.
 10360 | Lair:2   | 10360 ||| INVOKING Heroism.
 10445 | Lair:2   | 10445 ||| Stepping ~*~*~tactically~*~*~ (stealth).
 10447 | Lair:2   | 10447 ||| Stepping ~*~*~tactically~*~*~ (stealth).
 10449 | Lair:2   | 10449 ||| Stepping ~*~*~tactically~*~*~ (stealth).
 10691 | Lair:2   | Reached ***** piety under Okawaru
 10725 | Lair:2   | Reached XP level 12. HP: 65/72 MP: 18/18
 10743 | Lair:2   | Reached skill level 9 in Invocations
 10786 | Lair:2   | Reached skill level 13 in Shields
 10916 | Lair:2   | 10916 ||| READING scroll labelled REDOL UKKURIO.
 10933 | Lair:3   | 10933 ||| PLANNING GAUNTLET
 10940 | Lair:3   | Noticed a seven-headed hydra
 10941 | Lair:3   | 10941 ||| INVOKING Heroism.
 10943 | Lair:3   | 10943 ||| INVOKING Finesse.
 10946 | Lair:3   | 10946 ||| SWAPPING to +1 war axe of flaming.
 10952 | Lair:3   | Killed a two-headed hydra
 10953 | Lair:3   | 10953 ||| SWAPPING to +1 spectral war axe.
 11212 | Lair:3   | 11212 ||| INVOKING Heroism.
 11323 | Lair:3   | 11323 ||| Stepping ~*~*~tactically~*~*~ (hiding).
 11332 | Lair:3   | 11332 ||| INVOKING Heroism.
 11374 | Lair:3   | 11374 ||| FLEEEEING.
 11375 | Lair:3   | 11375 ||| FLEEEEING.
 11376 | Lair:3   | 11376 ||| FLEEEEING.
 11377 | Lair:3   | 11377 ||| FLEEEEING.
 11378 | Lair:3   | 11378 ||| FLEEEEING.
 11379 | Lair:3   | 11379 ||| FLEEEEING.
 11380 | Lair:3   | 11380 ||| FLEEEEING.
 11381 | Lair:3   | 11381 ||| FLEEEEING.
 11382 | Lair:3   | 11382 ||| FLEEEEING.
 11383 | Lair:3   | 11383 ||| FLEEEEING.
 11386 | Lair:3   | 11386 ||| INVOKING Heroism.
 11387 | Lair:3   | 11387 ||| Stepping ~*~*~tactically~*~*~ (water).
 11416 | Lair:3   | 11416 ||| FLEEEEING.
 11417 | Lair:3   | 11417 ||| FLEEEEING.
 11418 | Lair:3   | 11418 ||| FLEEEEING.
 11419 | Lair:3   | 11419 ||| FLEEEEING.
 11420 | Lair:3   | 11420 ||| FLEEEEING.
 11421 | Lair:3   | 11421 ||| FLEEEEING.
 11422 | Lair:3   | 11422 ||| FLEEEEING.
 11423 | Lair:3   | 11423 ||| FLEEEEING.
 11424 | Lair:3   | 11424 ||| FLEEEEING.
 11425 | Lair:3   | 11425 ||| FLEEEEING.
 11426 | Lair:3   | 11426 ||| FLEEEEING.
 11427 | Lair:3   | 11427 ||| FLEEEEING.
 11428 | Lair:3   | 11428 ||| INVOKING Heroism.
 11430 | Lair:3   | Received a gift from Okawaru
 11501 | Lair:3   | 11501 ||| RIP GAUNTLET
 11537 | Lair:3   | 11537 ||| PLANNING LAIR
 11553 | Lair:3   | 11553 ||| SWAPPING to +5 vampiric broad axe.
 11598 | Lair:3   | Noticed a four-headed hydra
 11599 | Lair:3   | 11599 ||| INVOKING Heroism.
 11600 | Lair:3   | 11600 ||| INVOKING Finesse.
 11610 | Lair:3   | 11610 ||| SWAPPING to +1 war axe of flaming.
 11617 | Lair:3   | Killed a one-headed hydra
 11618 | Lair:3   | 11618 ||| SWAPPING to +5 vampiric broad axe.
 11620 | Lair:3   | 11620 ||| Stepping ~*~*~tactically~*~*~ (stealth).
 11675 | Lair:3   | 11675 ||| INVOKING Heroism.
 11708 | Lair:3   | 11708 ||| Stepping ~*~*~tactically~*~*~ (stealth).
 11712 | Lair:3   | 11712 ||| Stepping ~*~*~tactically~*~*~ (stealth).
 11717 | Lair:3   | 11717 ||| INVOKING Heroism.
 11768 | Lair:3   | 11768 ||| Stepping ~*~*~tactically~*~*~ (stealth).
 11832 | Lair:3   | 11832 ||| Stepping ~*~*~tactically~*~*~ (stealth).
 11894 | Lair:3   | 11894 ||| Stepping ~*~*~tactically~*~*~ (stealth).
 11895 | Lair:3   | 11895 ||| Stepping ~*~*~tactically~*~*~ (stealth).
 12056 | Lair:3   | 12056 ||| Stepping ~*~*~tactically~*~*~ (stealth).
 12063 | Lair:3   | 12063 ||| INVOKING Heroism.
 12069 | Lair:3   | 12069 ||| SWAPPING to +1 war axe of flaming.
 12077 | Lair:3   | Reached skill level 1 in Throwing
 12077 | Lair:3   | Reached XP level 13. HP: 56/79 MP: 20/20
 12077 | Lair:3   | 12077 ||| SWAPPING to +5 vampiric broad axe.
 12135 | Lair:3   | Found a staircase to the Swamp.
 12141 | Lair:3   | 12141 ||| INVOKING Heroism.
 12147 | Lair:3   | Reached skill level 9 in Fighting
 12150 | Lair:3   | 12150 ||| SWAPPING to +1 war axe of flaming.
 12154 | Lair:3   | HP: 18/80 [ghost crab (3)]
 12155 | Lair:3   | 12155 ||| READING 2 scrolls of teleportation.
 12155 | Lair:3   | Slain by a spectral seven-headed hydra

Levels and vault maps discovered:
D:1:      minmay_arrival_four_houses, layout_rooms, nicolae_eternal_life,
          serial_bayou_pond_e, minmay_hedge_maze,
          hangedman_abyss_or_decor_lesser_grid, minmay_tromino_i4
D:2:      layout_loops_ring, serial_forest, infiniplex_forest_clump_tiny,
          infiniplex_forest_lined_2, infiniplex_forest_lined_ring,
          infiniplex_forest_end_1, infiniplex_forest_lined_3_way,
          infiniplex_forest_end_1, infiniplex_forest_clump_small,
          infiniplex_forest_straight_2, hangedman_decor_clover_reticule,
          grunt_decor_clamped, kennysheep_generic_room_12
D:3:      layout_basic, dk_noncrumbling_3, uniq_grinder
D:4:      layout_basic, minmay_temple_entry_mist, st_stairs_8
D:5:      layout_basic, uniq_sigmund
D:6:      layout_cave_pools, grunt_temple_overflow_gold_and_silver,
          chequers_temple_overflow_minitemple, serial_shops, shop,
          uniq_prince_ribbit1
D:7:      layout_loops_cross, kiku_gazebo_pond_becter,
          mainiacjoe_overflow_concentric_impassable, uniq_pikel
D:8:      kennysheep_kobold_camp, layout_basic
D:9:      layout_stronghold, david_lair_shrubbed
Temple:   nicolae_temple_ecumenical_triangle
Lair:1:   dreamdust_cave_troll, layout_cave_pods, uniq_harold
Lair:2:   layout_big_grid
Lair:3:   layout_roguey, nicolae_swamp_entry_spooky,
          nicolae_spider_entry_tight_spaces, gauntlet_entry_generic,
          lemuel_fruit_tree, infiniplex_staircase_pool_2

Skill      XL: |  1  2  3  4  5  6  7  8  9 10 11 12 13 |
---------------+----------------------------------------+-----
Axes           | 2 3 5 6 7 8 9 10 11 | 11.0
Fighting       | 4 5 6 7 8 9 |  9.1
Dodging        | 1 |  1.0
Invocations    | 4 8 10 | 10.0
Armour         | 4 5 6 7 |  7.1
Shields        | 9 12 13 | 13.6
Throwing       | 1 |  1.9

Action                     |  1- 3 |  4- 6 |  7- 9 | 10-12 | 13-15 || total
---------------------------+-------+-------+-------+-------+-------++-------
  Melee: War axe           |    89 |    41 |   218 |   400 |     4 ||   752
         Broad axe         |       |       |       |    83 |    24 ||   107
  Throw: Boomerang         |       |       |       |     6 |       ||     6
 Invoke: Heroism           |       |       |     6 |    25 |     1 ||    32
         Finesse           |       |       |       |     2 |       ||     2
    Use: Scroll            |     8 |     5 |    10 |     3 |     1 ||    27
         Potion            |     1 |     2 |     1 |       |       ||     4
   Stab: Distracted        |       |       |     1 |     5 |       ||     6
 Armour: Scale mail        |    39 |       |       |       |       ||    39
         Chain mail        |       |    23 |   143 |    41 |       ||   207
         Plate armour      |       |       |       |   102 |    42 ||   144
  Dodge: Dodged            |    35 |     8 |    79 |    67 |     8 ||   197
  Block: Buckler           |    19 |     5 |    18 |       |       ||    42
         Tower shield      |       |       |   115 |   322 |    44 ||   481

Table legend:
 A = Non-vault XP
 B = Vault XP
 C = Vault XP percentage of total XP
 D = Non-vault monster count
 E = Vault monster count
 F = Vault count percentage of total count
                 A         B        C        D         E       F
            +---------+---------+-------+---------+---------+-------
      Total |   27377 |    6038 |  18.1 |     226 |      41 |  15.4
            +---------+---------+-------+---------+---------+-------
        D:1 |      50 |       6 |  10.7 |      29 |       3 |   9.4
        D:2 |      46 |       5 |   9.8 |       6 |       2 |  25.0
        D:3 |      12 |     267 |  95.7 |       5 |       1 |  16.7
        D:4 |     244 |       4 |   1.6 |      14 |       2 |  12.5
        D:5 |     694 |     206 |  22.9 |      16 |       1 |   5.9
        D:6 |     706 |     277 |  28.2 |      20 |       1 |   4.8
        D:7 |    1629 |       0 |   0.0 |      18 |       0 |   0.0
        D:8 |    1623 |     130 |   7.4 |      25 |      21 |  45.7
        D:9 |    2416 |     367 |  13.2 |      21 |       1 |   4.5
     Lair:1 |    5296 |    1605 |  23.3 |      21 |       2 |   8.7
     Lair:2 |    4468 |       0 |   0.0 |      19 |       0 |   0.0
     Lair:3 |   10193 |    3171 |  23.7 |      32 |       7 |  17.9
            +---------+---------+-------+---------+---------+-------
